 Dungeon Crawl Stone Soup version 0.29.1-1-gd02db6906a (webtiles) character file.

Game seed: 14072072052316291708

312 LustLizard the Slasher (level 6, 0/48 HPs)
             Began as a Demonspawn Fighter on Oct 22, 2022.
             Constricted to death by Ijyb (5 damage)
             ... on level 3 of the Dungeon.
             The game lasted 00:04:04 (2974 turns).

LustLizard the Slasher (Demonspawn Fighter)         Turns: 2974, Time: 00:04:05

Health: 0/48       AC: 12    Str: 16    XL:     6   Next: 18%
Magic:  6/6        EV:  5    Int: 15    God:
Gold:   137        SH:  4    Dex: 13    Spells: 5/5 levels left

rFire   . . .      SeeInvis .   a - +0 long sword
rCold   + . .      Faith    .   c - +0 buckler
rNeg    . . .      Spirit   .   b - +0 scale mail
rPois   .          Reflect  .   (helmet restricted)
rElec   .          Harm     .   q - +1 cloak
rCorr   .          Rampage  .   (no gloves)
Will    .....                   p - +0 pair of boots
Stlth   ..........              (no amulet)
HPRegen 0.16/turn               j - +6 ring of intelligence
MPRegen 0.10/turn               (no ring)

@: lethally poisoned (0 -> -21), grasped by roots, constricted
A: horns 2, thin metallic scales 2, clumsy 1, cold resistance 1, MP-powered
wands
a: no special abilities


You were on level 3 of the Dungeon.
You visited 1 branch of the dungeon, and saw 3 of its levels.

You collected 137 gold pieces.

Inventory:

Hand Weapons
 a - a +0 long sword (weapon)
Missiles
 l - 20 stones (quivered)
Armour
 b - a +0 scale mail (worn)
 c - a +0 buckler (worn)
 p - a +0 pair of boots (worn)
 q - a +1 cloak (worn)
Jewellery
 j - a +6 ring of intelligence (left hand)
Scrolls
 e - a scroll of acquirement {unknown}
 f - a scroll of magic mapping {unknown}
 g - a scroll of identify {unknown}
 h - a scroll of blinking {unknown}
 i - a scroll of fear {unknown}
 o - a scroll of teleportation {unknown}
Potions
 k - a potion of mutation
 m - a potion of attraction
 n - a potion of invisibility


   Skills:
 + Level 4.2 Fighting
 * Level 4.2 Long Blades
 * Level 2.9 Throwing
 - Level 2.6 Armour
 - Level 2.6 Shields


You had 5 spell levels left.
You didn't know any spells.
Your spell library was empty.

Dungeon Overview and Level Annotations

Branches:
Dungeon (3/15)

Altars:

Annotations:
D:3 Ijyb


Innate Abilities, Weirdness & Mutations

You have a pair of horns on your head.
You are mostly covered in thin metallic scales. (AC +3)
You are clumsy. (Dex -2)
Your flesh is cold resistant. (rC+)
You expend magic power (3 MP) to strengthen your wands.


Message History

Ijyb screams, "It's all mine!"
Ijyb hits you but does no damage.
You are poisoned.
There is a stone staircase leading up here.
You closely miss Ijyb. You headbutt Ijyb.
Ijyb is lightly wounded.
You feel very sick.
Ijyb hits you with a +0 dagger of venom.
You are more poisoned.
You hit Ijyb. You headbutt Ijyb!
Ijyb is severely wounded.
You feel very sick. Ijyb hits you but does no damage.
You are more poisoned.
You hit Ijyb but do no damage.
Ijyb is severely wounded.
You feel extremely sick.
Ijyb zaps a wand.
The roots erupt in riotous growth!
The grasping roots grab you!
Ijyb is unaffected.
The grasping roots constrict you. Ijyb hits you but does no damage.
The grasping roots constrict you!
You hit Ijyb. Your headbutt misses Ijyb.
Ijyb is almost dead.
You feel very sick. Ijyb hits you but does no damage.
You are lethally poisoned!
The grasping roots constrict you.
You barely miss Ijyb.
Ijyb is almost dead.
* * * LOW HITPOINT WARNING * * *
You feel very sick. Ijyb hits you but does no damage.
You are more poisoned.
The grasping roots constrict you.
You hit Ijyb but do no damage.
Ijyb is almost dead.
* * * LOW HITPOINT WARNING * * *
You feel extremely sick. Ijyb hits you but does no damage.
The grasping roots constrict you.
You die...

###############
#....!#........
##......#
#@......#
#g......#
#..#...##
#..##### ...#
##.## #.# ..#


You could see Ijyb.

Vanquished Creatures
  Sigmund (D:2)
  Natasha (thrice) (D:2)
  Robin (D:2)
  An adder (D:2)
  A worm (D:2)
  3 dart slugs (D:1)
  2 bats (D:1)
  4 endoplasms
  2 giant cockroaches
  14 goblins
  7 hobgoblins
  2 quokkas (D:1)
  2 ball pythons (D:1)
  2 frilled lizards (D:2)
  3 kobolds
  3 rats
51 creatures vanquished.

Notes
Turn   | Place    | Note
-------+----------+-------------------------------------------
     0 | D:1      | LustLizard the Demonspawn Fighter began the quest for the
                  | Orb.
     0 | D:1      | Reached XP level 1. HP: 18/18 MP: 1/1
   379 | D:1      | You fall into a shaft and drop 1 floor!
   402 | D:2      | Gained mutation: You have a pair of small horns on your
                  | head. [demonic ancestry]
   402 | D:2      | Reached XP level 2. HP: 18/24 MP: 2/2
  1175 | D:1      | Gained mutation: You are partially covered in thin metallic
                  | scales. (AC +2) [demonic ancestry]
  1175 | D:1      | Reached XP level 3. HP: 29/29 MP: 3/3
  1784 | D:2      | Noticed Robin
  1834 | D:2      | Killed Robin
  1835 | D:2      | Reached skill level 1 in Throwing
  1835 | D:2      | Gained mutation: You are mostly covered in thin metallic
                  | scales. (AC +3) [demonic ancestry]
  1835 | D:2      | Reached XP level 4. HP: 11/35 MP: 4/4
  2203 | D:2      | Noticed Sigmund
  2334 | D:2      | Noticed Natasha
  2344 | D:2      | Killed Natasha
  2514 | D:2      | Killed Sigmund
  2515 | D:2      | Reached XP level 5. HP: 28/42 MP: 5/5
  2639 | D:2      | Noticed Natasha
  2646 | D:2      | Killed Natasha
  2647 | D:2      | Gained mutation: You have a pair of horns on your head.
                  | [demonic ancestry]
  2647 | D:2      | Reached XP level 6. HP: 46/48 MP: 6/6
  2728 | D:3      | Noticed Ijyb
  2740 | D:3      | Gained mutation: You are clumsy. (Dex -2) [potion of
                  | mutation]
  2740 | D:3      | Gained mutation: Your flesh is cold resistant. (rC+)
                  | [potion of mutation]
  2740 | D:3      | Gained mutation: You expend magic power (3 MP) to
                  | strengthen your wands. [potion of mutation]
  2841 | D:2      | Noticed Natasha
  2952 | D:2      | Killed Natasha
  2974 | D:3      | Constricted to death by Ijyb

Illustrated notes

Levels and vault maps discovered:
D:1:      dpeg_arrival_erosion, layout_basic, serial_park_tiny_2,
          grunt_decor_arrowhead
D:2:      layout_rooms, uniq_robin, uniq_sigmund, uniq_natasha
D:3:      layout_loops_corners, riverfiend_overflow_shadow_ancestor,
          uniq_terence, uniq_ijyb, uniq_jessica

Skill      XL: |  1  2  3  4 |
---------------+-------------+-----
Long Blades    | 2 3 4 |  4.2
Throwing       | 1 2 |  2.9
Fighting       | 4 |  4.2
Armour         | |  2.6
Shields        | |  2.6

Action                   |  1- 3 |  4- 6 || total
-------------------------+-------+-------++-------
Melee: Long sword        |   119 |    51 ||   170
       Headbutt          |    10 |     9 ||    19
  Use: Potion            |       |     5 ||     5
Armor: Scale mail        |    68 |    34 ||   102
Dodge: Dodged            |    54 |    16 ||    70
Block: Buckler           |    31 |    19 ||    50
